 Dungeon Crawl Stone Soup version 0.30-a0-586-g23e55c9e0a (webtiles) character file.

Game seed: 16022519975489005312

7767 Dirtsage the Carver (level 11, -4/90 HPs)
             Began as a Demonspawn Monk on Jan 3, 2023.
             Was a High Priest of Okawaru.
             Slain by a manticore (8 damage)
             ... on level 11 of the Dungeon.
             The game lasted 00:28:33 (11131 turns).

Dirtsage the Carver (Demonspawn Monk)              Turns: 11131, Time: 00:28:34

Health: -4/90      AC: 14    Str: 17    XL:     11   Next: 1%
Magic:  13/15      EV: 16    Int: 11    God:    Okawaru [*****.]
Gold:   428        SH:  0    Dex: 21    Spells: 7/10 levels left

rFire   + + .      SeeInvis .    K - +0 long sword (spect)
rCold   . . .      Faith    .    (no shield)
rNeg    . . .      Spirit   .    w - +0 fire dragon scales
rPois   .          Reflect  .    (helmet restricted)
rElec   .          Harm     .    o - +0 cloak
rCorr   .          Rampage  .    y - +0 pair of gloves
Will    .....                    (no boots)
Stlth   ++                       Q - amulet of regeneration
HPRegen 1.15/turn                e - +6 ring of strength
MPRegen 0.14/turn                I - ring of protection from cold

@: heroic
A: antennae 1, rugged brown scales 2, powered by death 1, demonic magic 1
a: Renounce Religion, Heroism, Finesse, Duel


You were on level 11 of the Dungeon.
You worshipped Okawaru.
Okawaru was extremely pleased with you.
You visited 2 branches of the dungeon, and saw 12 of its levels.
You also visited: Bailey.

You collected 1005 gold pieces.
You spent 577 gold pieces at shops.

Inventory:

Hand Weapons
 a - a +0 falchion
 v - a +2 dagger of venom
 A - a +2 scimitar of flaming
 F - a +1 dagger of venom
 K - a +0 spectral long sword (weapon)
 M - the +4 dagger of Pain and Death {pain, Dex+6}
   (You found it in a bailey)

   In the hands of one skilled in necromantic magic, it inflicts extra damage on
   living creatures.
   Dex:       It affects your dexterity (+6).
Missiles
 s - 2 throwing nets
 t - 31 boomerangs (quivered)
Armour
 b - a +0 robe
 n - a +0 ring mail
 o - a +0 cloak (worn)
 w - +0 fire dragon scales (worn)
 y - a +0 pair of gloves (worn)
Magical Staves
 C - a staff of fire
Jewellery
 e - a +6 ring of strength (left hand)
 I - a ring of protection from cold (right hand)
 N - a ring of positive energy
 Q - an amulet of regeneration (around neck)
 R - an amulet of magic regeneration
Wands
 B - a wand of paralysis (12)
 O - a wand of iceblast (8)
 P - a wand of light (8)
Scrolls
 g - 2 scrolls of fear
 k - 2 scrolls of fog
 u - 7 scrolls of teleportation {unknown}
 x - 3 scrolls of magic mapping {unknown}
 D - a scroll of torment
 H - a scroll of immolation
 J - a scroll of enchant armour
 L - a scroll of summoning
Potions
 c - 2 potions of mutation {unknown}
 d - 4 potions of curing {unknown}
 h - a potion of haste
 j - 5 potions of lignification {unknown}
 l - 7 potions of heal wounds
 m - 2 potions of magic {unknown}
 p - 3 potions of cancellation {unknown}
 q - 2 potions of might {unknown}
 r - 2 potions of degeneration {unknown}
 z - a potion of invisibility
 E - 8 potions of flight
 G - a potion of berserk rage


   Skills:
 + Level 8.1(13.1) Fighting
 * Level 11.0(16.0) Long Blades
 + Level 6.1(11.1) Dodging
 - Level 1.7(6.7) Stealth
 + Level 5.6 Invocations
 + Level 6.3 Evocations


You had 7 spell levels left.
You knew the following spells:

 Your Spells              Type           Power      Damage    Failure   Level
a - Confusing Touch       Hex            0%         N/A       99%         3

Your spell library contained the following spells:

 Spells                   Type           Power      Damage    Failure   Level
 Slow                     Hex            0%         N/A       80%         1
 Dazzling Flash           Conj/Hex       0%         N/A       99%         3
 Frozen Ramparts          Ice            0%         1d1       99%         3
 Vampiric Draining        Necr           0%         2d6       99%         3
 Airstrike                Air            0%         2d(0-16)  100%        4
 Ice Form                 Ice/Tmut       0%         N/A       100%        4
 Iskenderun's Mystic Bla  Conj/Tloc      0%         2d3       100%        4
 Lightning Bolt           Conj/Air       0%         1d11      100%        5
 Starburst                Conj/Fire      0%         6d3       100%        6
 Orb of Destruction       Conj           0%         9d5       100%        7
 Summon Guardian Golem    Hex/Summ       Unusable   N/A       N/A         3
 Summon Ice Beast         Ice/Summ       Unusable   N/A       N/A         4
 Summon Lightning Spire   Summ/Air       Unusable   N/A       N/A         4
 Spellforged Servitor     Conj/Summ      Unusable   N/A       N/A         7

Dungeon Overview and Level Annotations

Branches:
Dungeon (11/15)            Temple (1/1) D:6            Lair (0/5) D:9
 Bailey (visited)
    Orc: D:9-12

Altars:
Ashenzari
Cheibriados
Dithmenos
Fedhas
Gozag
Hepliaklqana
Kikubaaqudgha
Makhleb
Nemelex Xobeh
Okawaru
Qazlal
Ru
Sif Muna
Trog
Uskayaw
Vehumet
Wu Jian
Xom
Yredelemnul

Shops:
D:8 *


Innate Abilities, Weirdness & Mutations

You have a pair of small antennae on your head.
You are mostly covered in rugged brown scales. (AC +2, +5% HP)
You regenerate a little health from kills.
Spells you cast may paralyse adjacent enemies.


Message History

Unknown command.
Unknown command.
You gain the combat prowess of a mighty hero.
The manticore bites you but does no damage.
The manticore claws you but does no damage.
The manticore claws you! The orc closely misses you.
You take 7 damage, and have 34/90 hp.
You now have 13/15 mp.
You slash the manticore!
The manticore is heavily wounded.
You hit the manticore but do no damage.
The manticore is heavily wounded.
The manticore completely misses you. The manticore claws you. x2
* * * LOW HITPOINT WARNING * * *
The orc completely misses you.
You take 8 damage, and have 27/90 hp.
You hit the manticore but do no damage.
The manticore is heavily wounded.
The manticore completely misses you. The manticore barely misses you. x2
The orc hits you with a +0 morningstar.
* * * LOW HITPOINT WARNING * * *
You take 4 damage, and have 23/90 hp.
You hit the manticore but do no damage.
The manticore is heavily wounded.
The manticore barely misses you. x2; The manticore completely misses you.
The orc misses you.
You hit the manticore.
The manticore is severely wounded.
You hit the manticore.
The manticore is severely wounded.
The manticore misses you. The manticore claws you.
* * * LOW HITPOINT WARNING * * *
The manticore claws you but does no damage.
The orc misses you.
You take 3 damage, and have 21/90 hp.
You slash the manticore!
The manticore is almost dead.
The manticore bites you!!
* * * LOW HITPOINT WARNING * * *
The manticore claws you!
You die...

#. ... #.
.. . #. ..
.# #. . ..
#. .#o#
#.##.o.#.#
#.{o.....#
##o###.###
#@# #H#
#.. #.##
#.# #.#
#.. #.#


You could see a manticore and 2 orcs.

Vanquished Creatures
  Erica (D:10)
  A death yak (D:9)
  2 manticores
  A gargoyle (D:10)
  A troll (D:10)
  Prince Ribbit (D:5)
  A wraith (D:10)
  2 steam dragons
  4 humans (D:10)
  4 yaks (D:10)
  Duvessa (D:5)
  6 orc warriors
  A black bear (D:4)
  2 ice beasts (D:7)
  A sky beast (D:8)
  2 ogres
  2 phantoms (D:6)
  3 centaurs
  2 kobold brigands
  3 bullfrogs
  A gnoll sergeant (D:10)
  2 scorpions
  Dowan (D:5)
  4 wights (D:7)
  5 killer bees (D:7)
  5 howler monkeys
  4 jellies
  A gnoll bouda (D:10)
  2 orc priests
  6 hounds
  4 iguanas
  3 orc wizards
  7 gnolls
  7 adders
  2 white imps
  An ufetubus (D:5)
  2 worms
  2 dart slugs (D:1)
  18 orcs
  9 endoplasms
  3 giant cockroaches
  11 goblins
  11 hobgoblins
  15 jackals
  A quokka (D:3)
  2 ball pythons
  5 bats
  24 kobolds
  9 rats
208 creatures vanquished.

Vanquished Creatures (others)
  A gnoll (D:10)
  2 fungi (D:10)
3 creatures vanquished.

Grand Total: 211 creatures vanquished

Notes
Turn   | Place    | Note
-------+----------+-------------------------------------------
     0 | D:1      | Dirtsage the Demonspawn Monk began the quest for the Orb.
     0 | D:1      | Reached XP level 1. HP: 18/18 MP: 1/1
   122 | D:1      | Reached skill level 3 in Long Blades
   173 | D:1      | Gained mutation: You regenerate a little health from kills.
                  | [demonic ancestry]
   173 | D:1      | Reached XP level 2. HP: 12/24 MP: 2/2
   753 | D:1      | Gained mutation: You are partially covered in rugged brown
                  | scales. (AC +1, +3% HP) [demonic ancestry]
   753 | D:1      | Reached XP level 3. HP: 24/29 MP: 3/3
   908 | D:1      | Found a faded altar of an unknown god.
  1101 | D:2      | Reached skill level 4 in Long Blades
  1380 | D:2      | Reached XP level 4. HP: 19/36 MP: 4/4
  1940 | D:3      | Found an iron altar of Okawaru.
  1948 | D:3      | Became a worshipper of Warmaster Okawaru
  1948 | D:3      | Reached * piety under Okawaru
  1948 | D:3      | Reached ** piety under Okawaru
  1973 | D:3      | Reached skill level 5 in Long Blades
  2319 | D:3      | Reached XP level 5. HP: 42/42 MP: 5/5
  2960 | D:4      | Reached skill level 1 in Invocations
  3068 | D:4      | Learned a level 3 spell: Confusing Touch
  3292 | D:4      | Reached XP level 6. HP: 46/48 MP: 7/7
  3447 | D:4      | Reached skill level 6 in Long Blades
  4030 | D:5      | Entered Level 5 of the Dungeon
  4200 | D:5      | Noticed Prince Ribbit
  4236 | D:5      | Killed Prince Ribbit
  4236 | D:5      | Reached *** piety under Okawaru
  4237 | D:5      | Gained mutation: Spells you cast may paralyse adjacent
                  | enemies. [demonic ancestry]
  4237 | D:5      | Reached XP level 7. HP: 37/56 MP: 9/9
  4370 | D:5      | Found a sparkling altar of Nemelex Xobeh.
  4378 | D:5      | Found a basalt altar of Yredelemnul.
  4695 | D:5      | Found a snail-covered altar of Cheibriados.
  4793 | D:5      | Noticed Duvessa
  4793 | D:5      | Noticed Dowan
  4816 | D:5      | Killed Duvessa
  4817 | D:5      | Reached skill level 7 in Long Blades
  4820 | D:5      | Killed Dowan
  5341 | D:5      | Found a hide-covered altar of Uskayaw.
  5346 | D:5      | Found a stormy altar of Qazlal.
  5347 | D:5      | Found a shadowy altar of Dithmenos.
  5354 | D:5      | Found a sacrificial altar of Ru.
  5696 | D:6      | Reached skill level 1 in Evocations
  5696 | D:6      | Gained mutation: You are mostly covered in rugged brown
                  | scales. (AC +2, +5% HP) [demonic ancestry]
  5696 | D:6      | Reached XP level 8. HP: 55/64 MP: 11/11
  5705 | D:6      | Reached skill level 5 in Invocations
  5710 | D:6      | Reached skill level 5 in Fighting
  5797 | D:6      | Found a staircase to the Ecumenical Temple.
  5821 | Temple   | Entered the Ecumenical Temple
  6517 | D:6      | Reached **** piety under Okawaru
  6653 | D:6      | Reached skill level 8 in Long Blades
  7298 | D:7      | Reached XP level 9. HP: 69/72 MP: 7/13
  7514 | D:7      | Noticed a manticore
  7525 | D:7      | Killed a manticore
  7526 | D:7      | Reached skill level 9 in Long Blades
  8406 | D:8      | Noticed a manticore
  8424 | D:8      | Killed a manticore
  8625 | D:8      | Found a flagged portal.
  8634 | Bailey   | Entered a bailey
  8902 | Bailey   | Reached XP level 10. HP: 44/82 MP: 14/14
  9053 | Bailey   | Reached skill level 5 in Evocations
  9151 | Bailey   | Identified the +4 dagger of Pain and Death {pain, Dex+6}
  9388 | D:8      | Found a shimmering altar of Xom.
  9401 | D:8      | Reached skill level 5 in Dodging
  9565 | D:8      | Identified the +2 robe of the Cicada {Harm rPois MP-9}
  9748 | D:8      | Found Rerots's Gadget Gallery.
  9757 | D:8      | Bought a wand of paralysis (1) for 31 gold pieces
  9757 | D:8      | Bought a wand of light (5) for 273 gold pieces
  9757 | D:8      | Bought a wand of light (5) for 273 gold pieces
 10116 | D:9      | Reached skill level 10 in Long Blades
 10133 | D:9      | Noticed a death yak
 10178 | D:9      | Killed a death yak
 10206 | D:9      | Found a staircase to the Lair.
 10208 | D:9      | Noticed a death yak
 10210 | D:9      | Noticed a death yak
 10210 | D:9      | Noticed a death yak
 10232 | D:10     | Entered Level 10 of the Dungeon
 10353 | D:10     | Noticed a gargoyle
 10378 | D:10     | Killed a gargoyle
 10520 | D:10     | Noticed Erica
 10530 | D:10     | Killed Erica
 10563 | D:10     | Reached ***** piety under Okawaru
 10578 | D:10     | Reached skill level 11 in Long Blades
 10682 | D:10     | Identified the +7 mace of Defence {flame, rCorr Str+4 Int+3
                  | Dex-5}
 10859 | D:10     | Gained mutation: You have a pair of small antennae on your
                  | head. [demonic ancestry]
 10859 | D:10     | Reached XP level 11. HP: 86/90 MP: 15/15
 11131 | D:11     | HP: 4/90 [manticore (18)]
 11131 | D:11     | Slain by a manticore

Illustrated notes

Levels and vault maps discovered:
D:1:      matt_arrival_spirals, layout_basic, chequers_ecumenical_altar_lobes
D:2:      layout_loops_ring
D:3:      layout_basic, mainiacjoe_overflow_alcove_1, minivault_14,
          kennysheep_generic_room_6
D:4:      layout_basic, minmay_stone_trees_small, minmay_misc_feat_encased
D:5:      layout_layer_cave, nicolae_overflow_hallway_of_the_gods, uniq_duvessa,
          uniq_prince_ribbit1
D:6:      layout_basic, minmay_temple_entry_waves
D:7:      layout_basic
D:8:      layout_loops_corners, dk_xom_monty_hall, enter_bailey_2,
          nicolae_shop_gadgets
D:9:      layout_long_grid, dpeg_lair_monsters, erik_orc_2,
          minmay_misc_feat_room
D:10:     layout_basic, elyvilon_altar_1, minmay_ruffians, uniq_erica
D:11:     layout_loops_ring
Temple:   grunt_temple_mini_profane

Skill      XL: |  1  2  3  4  5  6  7  8  9 10 |
---------------+-------------------------------+-----
Long Blades    | 3 4 5 6 7 8 9 11 | 11.0
Invocations    | 2 3 4 5 |  5.6
Fighting       | 4 5 7 8 |  8.1
Evocations     | 1 3 4 6 |  6.3
Dodging        | 3 4 6 |  6.1
Stealth        | |  1.7

Action                   |  1- 3 |  4- 6 |  7- 9 | 10-12 || total
-------------------------+-------+-------+-------+-------++-------
Melee: Falchion          |    44 |       |   226 |       ||   270
       Dagger            |    54 |   231 |    59 |    45 ||   389
       Punch             |       |     2 |    10 |     6 ||    18
       Long sword        |       |       |   175 |   278 ||   453
Throw: Boomerang         |       |       |     1 |       ||     1
Invok: Heroism           |       |     1 |     3 |     4 ||     8
       Finesse           |       |       |     3 |     1 ||     4
Evoke: Wand              |       |       |     4 |     4 ||     8
  Use: Potion            |       |     1 |     2 |     2 ||     5
       Scroll            |       |       |       |    12 ||    12
 Stab: Sleeping          |     3 |     4 |       |       ||     7
       Paralysed         |       |       |     3 |     5 ||     8
       Invisible         |       |       |       |     3 ||     3
       Distracted        |       |       |       |     2 ||     2
Armor: Robe              |     6 |       |       |       ||     6
       Ring mail         |    11 |    33 |       |       ||    44
       Fire dragon scale |       |    52 |   220 |   116 ||   388
Dodge: Dodged            |    57 |   111 |   237 |   197 ||   602

Table legend: (Time is in decaauts)
 A = Elapsed time spent in this place.
 B = Non-inter-level travel time spent in this place.
 C = Inter-level travel time spent in this place.
 D = Time resting spent in this place.
 E = Time spent auto-exploring this place.
 F = Levels seen in this place.
 G = Mean time per level.
                   A        B        C        D        E       F      G
               +--------+--------+--------+--------+--------+-----+--------+
         Total |  10933 |  10707 |    226 |    302 |   8450 |  13 |  841.0 |
       Dungeon |  10144 |   9955 |    189 |    191 |   8136 |  11 |  922.2 |
        Temple |    211 |    174 |     37 |      0 |    172 |   1 |  211.0 |
        Bailey |    577 |    577 |      0 |    111 |    142 |   1 |  577.0 |
               +--------+--------+--------+--------+--------+-----+--------+

Top non-repeatable levels by time:
     D:5: 1579 daAuts
     D:8: 1209 daAuts
     D:7: 1174 daAuts
     D:6: 1105 daAuts
     D:1: 1088 daAuts
     D:4: 1072 daAuts
     D:3: 1060 daAuts
    D:10: 859 daAuts
     D:2: 778 daAuts
  Bailey: 577 daAuts
  Temple: 211 daAuts
     D:9: 202 daAuts
    D:11: 14 daAuts
